 Dungeon Crawl Stone Soup version 0.31-a0-232-gb1c03b2570 (webtiles) character file.

Game seed: 15765528002088002956

1944 qw the Skirmisher (level 9, -2/56 HPs)
             Began as a Gargoyle Hexslinger on July 6, 2023.
             Was an Initiate of Okawaru.
             Shot with an arrow by a centaur (8 damage)
             ... on level 7 of the Dungeon.
             The game lasted 00:02:40 (6222 turns).

qw the Skirmisher (Gargoyle Hexslinger)             Turns: 6222, Time: 00:02:41

Health: -2/56      AC: 14    Str: 17    XL:     9   Next: 18%
Magic:  9/10       EV: 13    Int: 13    God:    Okawaru [......]
Gold:   251        SH:  0    Dex: 20    Spells: 9/10 levels left

rFire   . . .        Y - +1 sling
rCold   + . .        (no shield)
rNeg    + . .        n - +2 leather armour {rC+}
rPois   inf          (no helmet)
rElec   +            (no cloak)
rCorr   .            i - +0 pair of gloves
SInv    .            (no boots)
Will    .....        (no amulet)
Stlth   +            m - +6 ring of strength
HPRegen 0.29/turn    (no ring)
MPRegen 0.12/turn

%: no passive effects
@: no status effects
A: sickness immunity, AC +6, negative energy resistance 1, electricity
resistance, torment resistance 1, petrification resistance, iridescent scales 1,
agile 1
a: Renounce Religion


You were on level 7 of the Dungeon.
You worshipped Okawaru.
Okawaru was noncommittal.
You visited 2 branches of the dungeon, and saw 8 of its levels.

You collected 461 gold pieces.
You spent 210 gold pieces at shops.


Innate Abilities, Weirdness & Mutations

You are immune to sickness and miasma.
Your stone body is resilient. (AC +6)
You are immune to poison.
You resist negative energy. (rN+)
You are resistant to electric shocks. (rElec)
You are resistant to unholy torment.
You are immune to petrification.
You are partially covered in iridescent scales. (AC +2)
You are agile. (Dex +4, Str/Int -1)


   Skills:
 - Level 6.5 Fighting
 + Level 9.6 Ranged Weapons
 - Level 1.0 Armour
 - Level 3.2 Dodging
 - Level 1.0 Spellcasting
 - Level 2.6 Hexes


You had 9 spell levels left.
You knew the following spells:

 Your Spells              Type           Power      Damage    Failure   Level
a - Slow                  Hex            28%        N/A       11%         1

Your spell library contained the following spells:

 Spells                   Type           Power      Damage    Failure   Level
 Inner Flame              Hex/Fire       4%         N/A       50%         3
 Portal Projectile        Hex/Tloc       8%         N/A       50%         3
 Cause Fear               Hex            3%         N/A       73%         4

Inventory:

Hand Weapons
 Y - a +1 sling (weapon)
Armour
 i - a +0 pair of gloves (worn)
 l - the +1 leather armour of Makhleb's Displeasure {Str-5 Int+4 SInv}
   (You found it on level 7 of the Dungeon)

   Str:       It affects your strength (-5).
   Int:       It affects your intelligence (+4).
   SInv:      It lets you see invisible.
 n - a +2 leather armour of cold resistance (worn)
Jewellery
 b - a ring of fire
 k - a ring of protection from cold
 m - a +6 ring of strength (left hand)
Wands
 f - a wand of digging (6)
Scrolls
 a - 6 scrolls of identify
Potions
 c - a potion of might
 e - 2 potions of enlightenment
 g - a potion of resistance
 h - a potion of haste
 j - 2 potions of mutation

Dungeon Overview and Level Annotations

Branches:
Dungeon (7/15)             Temple (1/1) D:6

Altars:
Ashenzari
Dithmenos
Elyvilon
Fedhas
Gozag
Hepliaklqana
Kikubaaqudgha
Makhleb
Nemelex Xobeh
Okawaru
Ru
Sif Muna
Uskayaw
Vehumet
Xom
Zin
The Shining One

Shops:
D:1 [=([   D:4 ?


Message History

You shoot a sling bullet. The sling bullet hits the ogre.
The ogre is heavily wounded.
You shoot a sling bullet.
The sling bullet barely misses the ogre.
The ogre hits you with a +0 giant club!
6216 ||| READING scroll of teleportation.
As you read the scroll of teleportation, it crumbles to dust.
You feel strangely unstable. The ogre completely misses you.
You shoot a sling bullet.
The sling bullet hits the ogre but does no damage.
The ogre is heavily wounded.
You feel like a meek peon again.
You shoot a sling bullet.
The sling bullet barely misses the ogre.
The ogre hits you with a +0 giant club!
You shoot a sling bullet. The sling bullet hits the ogre.
The ogre is severely wounded.
You shoot a sling bullet.
The sling bullet barely misses the ogre.
Your surroundings suddenly seem different.
A centaur comes into view.
Enter note:
Enter note:
Enter note:
Enter note:
Enter note:
Enter note:
Enter note:
Enter note:
Enter note: You shoot a sling bullet.
The sling bullet hits the centaur.
The centaur is lightly wounded.
The centaur wields a +0 shortbow.
The centaur shoots an arrow.
The arrow hits you but does no damage.
The centaur shoots an arrow.
The arrow hits you but does no damage.
You shoot a sling bullet.
The sling bullet barely misses the centaur.
The centaur shoots an arrow.
The arrow hits you!
You die...

...# .###
...# #..#
#..# .#.#
...#
.......
#####
........
#.@.#
........
#...#
..###...
.....#
.## ###
#.....#
##
...#...#
#
.##.#...#
# . .....
c. .....


You could see a centaur.

Vanquished Creatures
  Sigmund (D:2)
  2 water moccasins
  Duvessa (D:4)
  A sky beast (D:7)
  3 ice beasts
  An ogre (D:7)
  A bullfrog (D:7)
  3 scorpions
  Dowan (D:4)
  3 hounds (D:7)
  A jelly (D:5)
  3 sleepcaps
  An orc priest (D:6)
  4 iguanas
  4 orc wizards
  Natasha (thrice) (D:3)
  6 adders
  6 gnolls
  A white imp (D:7)
  7 worms
  2 dart slugs (D:3)
  9 orcs
  8 endoplasms
  5 giant cockroaches
  5 goblins
  5 hobgoblins
  9 ball pythons
  2 bats (D:2)
  2 frilled lizards (D:1)
  7 kobolds
  3 rats
110 creatures vanquished.

Notes
Turn   | Place    | Note
-------+----------+-------------------------------------------
     0 | D:1      | qw the Gargoyle Hexslinger began the quest for the Orb.
     0 | D:1      | Reached XP level 1. HP: 12/12 MP: 2/2
     0 | D:1      | 0 ||| qw: Version: 0.3-a-46-gb1f654a
     0 | D:1      | 0 ||| qw: Game counter: 1966
     0 | D:1      | 0 ||| qw: Melee chars always use a shield: true
     0 | D:1      | 0 ||| qw: God list: Okawaru
     0 | D:1      | 0 ||| qw: Allow faded altars: false
     0 | D:1      | 0 ||| qw: Do Orc after clearing Dungeon:15 true
     0 | D:1      | 0 ||| qw: Do second Lair branch before Depths: true
     0 | D:1      | 0 ||| qw: Lair rune preference: random
     0 | D:1      | 0 ||| qw: Goals: Normal
     0 | D:1      | 0 ||| PLANNING D:1-11
    32 | D:1      | Found Keshiolo's Armour Boutique.
    40 | D:1      | 40 ||| SHOPLISTING +0 leather armour (24 gold, have 18).
    40 | D:1      | 40 ||| SHOPLISTING +0 pair of boots (54 gold, have 18).
    40 | D:1      | 40 ||| SHOPLISTING +0 ring mail (48 gold, have 18).
    40 | D:1      | 40 ||| SHOPLISTING +2 cloak of preservation (258 gold, have
                  | 18).
    79 | D:1      | Found Yjor Fuehoy's Jewellery Shoppe.
    92 | D:1      | 92 ||| SHOPLISTING +6 ring of dexterity (396 gold, have
                  | 18).
    92 | D:1      | 92 ||| SHOPLISTING amulet of the acrobat (330 gold, have
                  | 18).
    92 | D:1      | 92 ||| SHOPLISTING ring of protection from fire (275 gold,
                  | have 18).
   210 | D:1      | Found Fidyep's Antique Armour Boutique.
   222 | D:1      | 222 ||| SHOPLISTING leather armour (50 gold, have 34).
   222 | D:1      | 222 ||| SHOPLISTING polished leather armour (175 gold, have
                  | 34).
   222 | D:1      | 222 ||| SHOPLISTING runed ring mail (175 gold, have 34).
   251 | D:1      | Reached XP level 2. HP: 16/16 MP: 3/3
   370 | D:1      | Found Giowkimom's Weapon Emporium.
   375 | D:1      | 375 ||| SHOPLISTING +1 sling of draining (116 gold, have
                  | 59).
   704 | D:1      | 704 ||| UPGRADING to +0 ring mail.
   714 | D:1      | 714 ||| DROPPING +0 robe.
   715 | D:1      | 715 ||| UPGRADING to +0 pair of gloves.
   720 | D:1      | 720 ||| READING 3 scrolls labelled PYPIESO DEQEXI.
   721 | D:1      | 721 ||| READING scroll labelled IHUAKA QIMAW.
   722 | D:1      | 722 ||| DRINKING 2 smoky black potions.
   723 | D:1      | 723 ||| READING 2 scrolls of identify.
   723 | D:1      | 723 ||| IDENTIFYING lumpy amethyst potion
   724 | D:1      | 724 ||| DROPPING scroll of poison.
   742 | D:2      | Reached skill level 3 in Ranged Weapons
   785 | D:2      | Reached XP level 3. HP: 21/21 MP: 4/4
   791 | D:2      | Reached skill level 1 in Armour
   799 | D:2      | HP: 4/21 [gnoll/+0 halberd (3)]
   806 | D:2      | 806 ||| FLEEEEING.
   807 | D:2      | 807 ||| FLEEEEING.
   808 | D:2      | 808 ||| STAIRDANCE
   885 | D:2      | 885 ||| STAIRDANCE
   895 | D:1      | HP: 2/21 [worm (7)]
  1149 | D:2      | Reached XP level 4. HP: 26/26 MP: 5/5
  1322 | D:2      | Noticed Sigmund
  1331 | D:2      | Killed Sigmund
  1332 | D:2      | Reached skill level 5 in Ranged Weapons
  1332 | D:2      | Reached XP level 5. HP: 23/30 MP: 6/6
  1407 | D:2      | Reached XP level 6. HP: 35/36 MP: 7/7
  1669 | D:2      | 1669 ||| DRINKING 2 red potions.
  2025 | D:3      | Reached skill level 3 in Fighting
  2089 | D:3      | Found a faded altar of an unknown god.
  2089 | D:3      | Noticed Natasha
  2094 | D:3      | Killed Natasha
  2355 | D:3      | Noticed Natasha
  2360 | D:3      | Killed Natasha
  2361 | D:3      | Reached skill level 6 in Ranged Weapons
  2578 | D:3      | Noticed Natasha
  2586 | D:3      | Killed Natasha
  2822 | D:3      | 2822 ||| UPGRADING to +2 leather armour of cold resistance.
  2832 | D:3      | 2832 ||| DROPPING +0 ring mail.
  2833 | D:3      | 2833 ||| DROPPING amulet of magic regeneration.
  2834 | D:3      | 2834 ||| UPGRADING to +6 ring of strength.
  2835 | D:3      | 2835 ||| READING scroll labelled ESYRIC ELAOSS.
  2836 | D:3      | 2836 ||| READING 2 scrolls labelled CABAOJAIGA.
  2837 | D:3      | 2837 ||| READING 2 scrolls labelled QAEFOM ATEIWIRPH.
  2863 | D:3      | 2863 ||| DRINKING 2 metallic dark potions.
  2863 | D:3      | Gained mutation: You are agile. (Dex +4, Str/Int -1)
                  | [potion of mutation]
  2863 | D:3      | Gained mutation: You are partially covered in iridescent
                  | scales. (AC +2) [potion of mutation]
  2864 | D:3      | 2864 ||| READING 2 scrolls of identify.
  2864 | D:3      | 2864 ||| IDENTIFYING fizzy cyan potion
  2865 | D:3      | 2865 ||| DROPPING potion of lignification.
  2866 | D:3      | 2866 ||| DROPPING scroll of summoning.
  2867 | D:3      | 2867 ||| DROPPING scroll of torment.
  2962 | D:4      | Found Cady's Magic Scroll Emporium.
  2981 | D:4      | 2981 ||| BUYING 3 scrolls of identify (84 gold).
  2981 | D:4      | Bought 3 scrolls of identify for 84 gold pieces
  2981 | D:4      | 2981 ||| BUYING scroll of identify (28 gold).
  2981 | D:4      | Bought a scroll of identify for 28 gold pieces
  2981 | D:4      | 2981 ||| BUYING scroll of identify (28 gold).
  2981 | D:4      | Bought a scroll of identify for 28 gold pieces
  2981 | D:4      | 2981 ||| BUYING scroll of identify (28 gold).
  2981 | D:4      | Bought a scroll of identify for 28 gold pieces
  2981 | D:4      | 2981 ||| BUYING scroll of teleportation (42 gold).
  2981 | D:4      | Bought a scroll of teleportation for 42 gold pieces
  3064 | D:4      | Noticed a water moccasin
  3064 | D:4      | You fall into a shaft and drop 1 floor!
  3064 | D:5      | Entered Level 5 of the Dungeon
  3089 | D:5      | Noticed an ice beast
  3099 | D:5      | Killed an ice beast
  3100 | D:5      | Reached XP level 7. HP: 39/44 MP: 8/8
  3240 | D:5      | Found an ancient bone altar of Kikubaaqudgha.
  3280 | D:5      | 3280 ||| DRINKING potion of curing.
  3280 | D:5      | 3280 ||| (to cure confusion)
  3354 | D:5      | 3354 ||| READING scroll labelled FYRUNA FEPNUX.
  3355 | D:5      | 3355 ||| READING scroll labelled JIHYOVV BIAF.
  3356 | D:5      | 3356 ||| DRINKING 2 yellow potions.
  3357 | D:5      | 3357 ||| READING 8 scrolls of identify.
  3357 | D:5      | 3357 ||| IDENTIFYING bubbling cyan potion
  3358 | D:5      | 3358 ||| READING 7 scrolls of identify.
  3358 | D:5      | 3358 ||| IDENTIFYING brown potion
  3359 | D:5      | 3359 ||| READING 6 scrolls of identify.
  3359 | D:5      | 3359 ||| IDENTIFYING glowing purple potion
  3360 | D:5      | 3360 ||| DROPPING potion of brilliance.
  3361 | D:5      | 3361 ||| DROPPING potion of attraction.
  3405 | D:4      | Noticed Dowan
  3405 | D:4      | Noticed Duvessa
  3423 | D:4      | Killed Duvessa
  3424 | D:4      | Reached skill level 7 in Ranged Weapons
  3430 | D:4      | HP: 10/44 [scorpion (4)]
  3431 | D:4      | 3431 ||| READING scroll of teleportation.
  3432 | D:4      | 3432 ||| DRINKING potion of heal wounds.
  3504 | D:4      | Identified the +0 leather armour of Negligence {Str+5
                  | Dex-3}
  3552 | D:4      | Killed Dowan
  3553 | D:4      | Reached XP level 8. HP: 41/48 MP: 9/9
  3768 | D:4      | Reached skill level 8 in Ranged Weapons
  3817 | D:4      | 3817 ||| DROPPING +0 leather armour of Negligence {Str+5
                  | Dex-3}.
  3818 | D:4      | 3818 ||| READING scroll labelled OSO OZE AFUETADEPN.
  3819 | D:4      | 3819 ||| READING 7 scrolls of identify.
  3819 | D:4      | 3819 ||| IDENTIFYING fuming silvery potion
  3820 | D:4      | 3820 ||| DROPPING potion of magic.
  3857 | D:5      | 3857 ||| STAIRDANCE
  4555 | D:5      | 4555 ||| READING 6 scrolls of identify.
  4555 | D:5      | 4555 ||| IDENTIFYING glowing dark potion
  4597 | D:6      | Found a broken altar of Ashenzari.
  4670 | D:6      | Found a sparkling altar of Nemelex Xobeh.
  4681 | D:6      | Found a staircase to the Ecumenical Temple.
  4682 | D:6      | 4682 ||| PLANNING TEMPLE
  4700 | D:6      | HP: 8/49 [orc priest/divine providence (9)]
  4701 | D:6      | 4701 ||| READING scroll of teleportation.
  4704 | D:6      | HP: 2/49 [orc/+0 war axe (3)]
  4885 | Temple   | Entered the Ecumenical Temple
  4897 | Temple   | 4897 ||| PLANNING OKAWARU WORSHIP
  5083 | Temple   | Became a worshipper of Warmaster Okawaru
  5084 | Temple   | 5084 ||| PLANNING D:1-11
  5167 | D:6      | 5167 ||| Stepping ~*~*~tactically~*~*~ (outnumbered).
  5175 | D:6      | Reached skill level 9 in Ranged Weapons
  5176 | D:6      | 5176 ||| Stepping ~*~*~tactically~*~*~ (outnumbered).
  5661 | D:6      | 5661 ||| READING scroll labelled WON TAOHYIFU.
  5723 | D:7      | Reached skill level 6 in Fighting
  5772 | D:7      | HP: 3/52 [ogre/+0 giant club (20)]
  5773 | D:7      | 5773 ||| READING scroll of teleportation.
  5775 | D:7      | Reached XP level 9. HP: 4/56 MP: 10/10
  6011 | D:7      | Reached skill level 3 in Dodging
  6165 | D:7      | Identified the +1 leather armour of Makhleb's Displeasure
                  | {Str-5 Int+4 SInv}
  6203 | D:7      | Reached * piety under Okawaru
  6204 | D:7      | 6204 ||| INVOKING Heroism.
  6215 | D:7      | HP: 12/56 [ogre/+0 giant club (11)]
  6216 | D:7      | 6216 ||| READING scroll of teleportation.
  6218 | D:7      | HP: 5/56 [ogre/+0 giant club (8)]
  6222 | D:7      | Shot with an arrow by a centaur

Levels and vault maps discovered:
D:1:      amcnicky_arrival_abandoned_market, layout_basic, serial_shops, shop,
          shop, shop, nicolae_shop_hallway_plus, dreamdust_princess_corridor
D:2:      layout_basic, uniq_sigmund
D:3:      layout_loops_corners, chequers_ecumenical_altar_simple_redux,
          minmay_fractal_squares_gapless_5, uniq_natasha
D:4:      layout_basic, serial_shops, shop, uniq_duvessa
D:5:      layout_layer_cave, nicolae_kikubaaqudgha_miasma_corner,
          nicolae_the_louvre
D:6:      layout_gridville, evilmike_ruin_ashenzari,
          mainiacjoe_overflow_24_doors, minmay_temple_entry_junction_2
D:7:      layout_rooms, nicolae_yredelemnul_ghost_church, minmay_joined_circles
Temple:   nicolae_temple_bog_church

Skill      XL: |  1  2  3  4  5  6  7  8  9 |
---------------+----------------------------+-----
Ranged Weapons | 3 5 6 7 9 |  9.6
Fighting       | 2 4 6 |  6.5
Armour         | 1 |  1.0
Dodging        | 2 3 |  3.2
Spellcasting   | |  1.0
Hexes          | |  2.6

Action                     |  1- 3 |  4- 6 |  7- 9 || total
---------------------------+-------+-------+-------++-------
   Fire: Sling             |   101 |   236 |   356 ||   693
 Invoke: Heroism           |       |       |     1 ||     1
    Use: Scroll            |     3 |     4 |    13 ||    20
         Potion            |     1 |     2 |     3 ||     6
 Armour: Ring mail         |    17 |    67 |       ||    84
         Robe              |     1 |       |       ||     1
         Leather armour    |       |    11 |   139 ||   150
  Dodge: Dodged            |    27 |    83 |   130 ||   240

Table legend:
 A = Non-vault XP
 B = Vault XP
 C = Vault XP percentage of total XP
 D = Non-vault monster count
 E = Vault monster count
 F = Vault count percentage of total count
                 A         B        C        D         E       F
            +---------+---------+-------+---------+---------+-------
      Total |    1958 |     820 |  29.5 |      95 |      15 |  13.6
            +---------+---------+-------+---------+---------+-------
        D:1 |      23 |       0 |   0.0 |      13 |       0 |   0.0
        D:2 |      82 |     214 |  72.3 |      17 |       1 |   5.6
        D:3 |     172 |      63 |  26.8 |      22 |       6 |  21.4
        D:4 |     447 |     214 |  32.4 |      16 |       2 |  11.1
        D:5 |     448 |       0 |   0.0 |      13 |       0 |   0.0
        D:6 |     299 |       0 |   0.0 |      10 |       0 |   0.0
        D:7 |     487 |     329 |  40.3 |       4 |       6 |  60.0
            +---------+---------+-------+---------+---------+-------
